 Dungeon Crawl Stone Soup version 0.14-a0-2810-g474977d (webtiles) character file.

385 DarkFlameMaster the Shield-Bearer (level 5, -7/33 HPs)
             Began as a Gargoyle Fighter on Feb 25, 2014.
             Killed from afar by Natasha (9 damage)
             ... with a wand of magic darts
             ... on Level 2 of the Dungeon.
             The game lasted 00:08:15 (2599 turns).

DarkFlameMaster the Shield-Bearer (GrFi)            Turns: 2599, Time: 00:08:15

HP  -7/33        AC 11     Str 20      XL: 5   Next: 86%
MP   5/5         EV  5     Int  9      God:
Gold 177         SH 29     Dex  9      Spells:  0 memorised,  4 levels left

rFire  . . .     SeeInvis .     a - +0 mace
rCold  . . .     Clarity  .     b - +0 scale mail
rNeg   + . .     Conserve .     g - +0 large shield
rPois  +         rCorr    .     (no helmet)
rElec  +         rRot     +     (no cloak)
SustAb . .       Spirit   .     (no gloves)
rMut   .         Warding  .     (no boots)
Saprov . . .     Stasis   .     (no amulet)
MR     +....                    e - ring of wizardry
                                h - ring of protection from magic

@: about to teleport, somewhat resistant to hostile enchantments, extremely
unstealthy
A: life protection 1, electricity resistance, unbreathing, petrification
resistance, AC +4
a: no special abilities


You were on level 2 of the Dungeon.
You were not hungry.

You visited 1 branch of the dungeon, and saw 3 of its levels.

You collected 177 gold pieces.

Inventory:

Hand weapons
 a - a +0,+0 mace (weapon)
 n - a +0,+0 hammer
Armour
 b - a +0 scale mail (worn)
 c - a +0 shield
 g - a +0 large shield (worn)
Magical devices
 d - a wand of polymorph (0) {unknown}
Comestibles
 f - a choko
 k - a slice of pizza
Scrolls
 i - 2 scrolls of identify
 j - 3 scrolls of remove curse
 l - a scroll of teleportation
Jewellery
 e - a ring of wizardry (right hand)
 h - a ring of protection from magic (left hand)
Potions
 o - a potion of agility


   Skills:
 + Level 3.7 Fighting
 + Level 3.1 Maces & Flails
 + Level 4.2 Armour
 + Level 1.7 Dodging
 + Level 0.8 Stealth
 + Level 4.8 Shields


You had 4 spell levels left.
You didn't know any spells.

Dungeon Overview and Level Annotations

Branches:
Dungeon (3/16)

Altars:
Ashenzari
Cheibriados

Annotations:
D:2 Natasha


Innate Abilities, Weirdness & Mutations

You are resistant to torment.
You are immune to poison.
Your stone body is very resilient (AC +4).
You resist negative energy.
You are resistant to electric shocks.
You can survive without breathing.
You are immune to petrification.


Message History

The shadow imp completely misses you.
Natasha zaps a wand.
The magic dart hits you!
* * * LOW HITPOINT WARNING * * *
You block the white imp's attack.
The white imp disappears in a puff of smoke!
The shadow imp shouts, "Slither away, thou tottering kobold-kissing foot-licker!"
There is a stone staircase leading up here.
You can't go down here!
The shadow imp disappears in a puff of smoke!
Natasha zaps a wand.
The magic dart hits you!
You climb upwards.
There is a stone staircase leading down here.
Read which item? (? for menu, Esc to quit)
As you read the scroll of fog, it crumbles to dust.
The scroll dissolves into smoke.
Natasha zaps a wand.
The magic dart hits you!
* * * LOW HITPOINT WARNING * * *
Read which item? (? for menu, Esc to quit)
As you read the scroll of teleportation, it crumbles to dust.
You feel strangely unstable.
Natasha zaps a wand.
The magic dart hits you!
You die...

########### ############
##........# #§@§§....(.#
..........# #§h§§......#
#.........#####.§§.......#
.............##..........#
##........##..'..........#
##........#####..........#
##........# #..........#
.....%%...# ####'#######
######.#### ####.#


You could see Natasha.

Vanquished Creatures
  The ghost of GeneKelly the Vexing, a weakling DsAM (D:3)
  Crazy Yiuf (D:3)
  Natasha (D:3)
  Terence (D:2)
  4 adders
  An inept item mimic (D:2)
  An orc (D:3)
  2 ball pythons
  2 giant cockroaches
  4 goblins
  8 hobgoblins
  4 jackals (D:2)
  4 kobolds
  7 bats
  6 giant geckos
  4 giant newts
  7 rats
58 creatures vanquished.

Notes
Turn   | Place    | Note
--------------------------------------------------------------
     0 | D:1      | DarkFlameMaster, the Gargoyle Fighter, began the quest for the Orb.
     0 | D:1      | Reached XP level 1. HP: 14/14 MP: 1/1
   104 | D:1      | Reached XP level 2. HP: 12/19 MP: 2/2
   574 | D:1      | Reached XP level 3. HP: 21/23 MP: 3/3
   872 | D:2      | Reached skill level 1 in Dodging
   872 | D:2      | Reached skill level 4 in Shields
   935 | D:2      | Reached XP level 4. HP: 25/28 MP: 4/4
   954 | D:2      | Noticed Terence
   980 | D:2      | Killed Terence
  1041 | D:2      | Found a shattered altar of Ashenzari.
  1596 | D:3      | Noticed GeneKelly's ghost (weakling DsAM)
  1625 | D:3      | Killed GeneKelly's ghost
  1625 | D:3      | Reached XP level 5. HP: 25/33 MP: 5/5
  1651 | D:3      | Noticed Natasha
  1667 | D:3      | Killed Natasha
  1988 | D:3      | Found a snail-covered altar of Cheibriados.
  2195 | D:3      | Noticed Natasha
  2524 | D:3      | Noticed Crazy Yiuf
  2546 | D:3      | Killed Crazy Yiuf
  2599 | D:2      | Killed from afar by Natasha

Action                   |  1- 3 |  4- 6 || total
-------------------------+-------+-------++-------
Melee: Mace              |   112 |   160 ||   272
  Use: Scroll            |     4 |     8 ||    12
       Potion            |     2 |     5 ||     7
